AoeStats
← Green Assassin

Hideout

503213942Analyzed
4v4 RM · 1mo ago on Aug 30, 2026· 19m 34s· 8 players
Game mode
Random Map
Map size
Large (8 player)
Population
200
Speed
Normal
Resources
Standard
Victory
Conquest
Starting age
Dark Age
Ending age
Imperial Age
RankedLock teamsTeams togetherTeam positionsShared explorationLock speedFull tech treeHidden civsTurbo modeCheats
Victory
Defeat
🇮🇳 Khmer · India
1302
+13
🇷🇺 Dravidians · Russia
1297
+13
🇯🇵 Britons · Japan
1242
+16
🇨🇱 Malay · Chile
1169
+19
1251
-16
🇩🇪 Magyars · Germany
1239
-15
🇦🇷 Maya · Argentina
1231
-15
🇨🇴 Khmer · Colombia
1226
-15
misspa
0:26 Loom
11:25 Feudal Age
15:25 Castle Age
13:43 Double-Bit Axe
15:13 Gold Mining
15:05 Horse Collar
16:33 Bow Saw
17:39 Fletching
18:32 Crossbowman
Green Assassin
0:33 Loom
10:56 Feudal Age
16:32 Castle Age
14:21 Horse Collar
15:07 Double-Bit Axe
16:31 Wheelbarrow
17:33 Scale Barding Armor
[GDL] La Destripadora
3:30 Loom
11:40 Feudal Age
17:34 Castle Age
16:26 Double-Bit Axe
16:24 Horse Collar
16:57 Scale Barding Armor
17:49 Wheelbarrow
19:11 Forging
19:05 Husbandry
19:23 Cavalier
Kriptico
10:56 Feudal Age
14:17 Castle Age
12:35 Double-Bit Axe
16:06 Bloodlines
sada-aki
5:29 Loom
5:34 Loom
8:14 Feudal Age
9:00 Double-Bit Axe
14:45 Horse Collar
17:28 Gold Mining
18:56 Fletching
19:55 Padded Archer Armor
Thanos_Car
11:08 Feudal Age
16:01 Castle Age
14:56 Double-Bit Axe
14:52 Horse Collar
16:12 Wheelbarrow
16:39 Town Watch
spirrulina
11:12 Feudal Age
11:38 Loom
15:18 Castle Age
13:55 Double-Bit Axe
13:54 Horse Collar
15:10 Loom
17:53 Fletching
adi.rathore
12:19 Feudal Age
15:20 Castle Age
13:16 Double-Bit Axe
13:15 Horse Collar
14:29 Bloodlines
15:00 Scale Barding Armor
17:23 Husbandry
Connection lost

Rejoining the realm…

Still unreachable

The connection could not be restored.

Session expired

The server has moved on; the page needs a fresh start.